 Dungeon Crawl Stone Soup version 0.30.1-9-gdf580d7c3d (webtiles) character file.

Game seed: 7964710704374900143

1230 Psyclone the Destroyer (level 8, -3/41 HPs)
             Began as a Deep Elf Conjurer on Oct 1, 2023.
             Was an Initiate of Gozag.
             Slain by a killer bee (6 damage)
             ... on level 5 of the Dungeon.
             The game lasted 00:11:24 (6244 turns).

Psyclone the Destroyer (Deep Elf Conjurer)          Turns: 6244, Time: 00:11:24

Health: -3/41      AC:  5    Str:  4    XL:     8   Next: 24%
Magic:  13/22      EV: 17    Int: 32    God:    Gozag
Gold:   485        SH:  5    Dex: 13    Spells: 14/23 levels left

rFire   . . .        t - +0 dagger (drain)
rCold   . . .        (no shield)
rNeg    . . .        a - +0 robe
rPois   .            (no helmet)
rElec   .            r - +2 cloak {Will+}
rCorr   .            (no gloves)
SInv    .            (no boots)
Will    +....        p - amulet of reflection
Stlth   ++           i - +6 ring of intelligence
HPRegen 0.26/turn    w - +5 ring of evasion
MPRegen 0.18/turn

%: reflection
@: lethally poisoned (-3 -> -17), gold aura, flying
A: no striking features
a: Renounce Religion, Potion Petition, Call Merchant, Bribe Branch


You were on level 5 of the Dungeon.
You worshipped Gozag.
Gozag was aware of your devotion.
You visited 1 branch of the dungeon, and saw 6 of its levels.

You collected 539 gold pieces.
You paid 54 gold pieces to Gozag.

Inventory:

Hand Weapons
 t - a +0 dagger of draining (weapon)
Armour
 a - a +0 robe (worn)
 r - a +2 cloak of willpower (worn)
Jewellery
 i - a +6 ring of intelligence (left hand)
 j - an amulet of faith
 k - a ring of resist corrosion
 o - a ring of see invisible
 p - an amulet of reflection (around neck)
 u - a ring of positive energy
 w - a +5 ring of evasion (right hand)
Wands
 q - a wand of light (7)
Scrolls
 e - 3 scrolls of identify {unknown}
 f - 2 scrolls of teleportation {unknown}
 h - a scroll of magic mapping {unknown}
 l - 3 scrolls of enchant weapon {unknown}
 n - 4 scrolls of vulnerability {unknown}
 s - a scroll of acquirement {unknown}
Potions
 b - 2 potions of magic
 c - a potion of flight
 d - a potion of mutation {unknown}
 g - 2 potions of haste {unknown}
 m - a potion of degeneration {unknown}
 v - a potion of attraction {unknown}


   Skills:
 - Level 2.4 Dodging
 - Level 2.4 Stealth
 + Level 8.0 Spellcasting
 - Level 10.0 Conjurations


You had 14 spell levels left.
You knew the following spells:

 Your Spells              Type           Power      Damage    Failure   Level
a - Magic Dart            Conj           100%       1d8       1%          1
b - Searing Ray           Conj           100%       2d8       1%          2
d - Fulminant Prism       Conj/Hex       22%        3d12      4%          4
q - Blink                 Tloc           24%        N/A       5%          2

Your spell library contained the following spells:

 Spells                   Type           Power      Damage    Failure   Level
 Momentum Strike          Conj/Tloc      88%        3d10      1%          2
 Dazzling Flash           Conj/Hex       88%        N/A       1%          3
 Hailstorm                Conj/Ice       44%        3d10      1%          3
 Stone Arrow              Conj/Erth      88%        3d12      1%          3
 Mephitic Cloud           Conj/Pois/Air  34%        N/A       2%          3
 Freeze                   Ice            48%        1d6       3%          1
 Sandblast                Erth           24%        2d8       3%          1
 Iskenderun's Mystic Bla  Conj/Tloc      44%        2d10      4%          4
 Call Imp                 Summ           24%        N/A       5%          2
 Lesser Beckoning         Tloc           24%        N/A       5%          2
 Passwall                 Tmut/Erth      10%        N/A       5%          2
 Frozen Ramparts          Ice            24%        1d4       11%         3


Dungeon Overview and Level Annotations

Branches:
Dungeon (6/15) Zot: 26801
 Temple: D:4-7

Altars:
Gozag
Makhleb
Vehumet
Xom
The Shining One

Shops:
D:5 !


Message History

Aim: a hound (76% to hit)
The searing ray hits the hound!
The hound is heavily wounded. (Press . to maintain the ray.)
You feel sick. The killer bee closely misses you.
The hound bites you but does no damage.
Your fulminant prism crackles loudly.
You take 1 damage, and have 15/41 hp.
You now have 15/21 mp.
The searing ray misses the hound.
You feel sick. The hound closely misses you. The killer bee closely misses you.
The killer bee misses you. The hound bites you but does no damage.
Your fulminant prism explodes!
The blast of energy engulfs the killer bee!!
You kill the killer bee!
The blast of energy engulfs the killer bee!
The killer bee is severely wounded.
You block the killer bee's attack. The killer bee completely misses you.
You take 1 damage, and have 14/41 hp.
You now have 14/21 mp.
The searing ray hits the hound!
You kill the hound!
You feel sick. The killer bee stings you.
* * * LOW HITPOINT WARNING * * *
You are more poisoned.
The killer bee poisons you! The killer bee barely misses you.
The killer bee stings you.
* * * LOW HITPOINT WARNING * * *
You are more poisoned.
The killer bee poisons you! The killer bee misses you.
Your Spellcasting skill increases to level 8!
You take 7 damage, and have 7/41 hp.
You now have 13/22 mp.
It was a potion of flight.
You feel very buoyant.
You fly up into the air.
* * * LOW HITPOINT WARNING * * *
You feel very sick. You block the killer bee's attack.
The killer bee is distracted by your dazzling golden aura.
The killer bee stings you.
You die...
Your body crumbles into a pile of gold.

#.......#######.#
#.....#.........#
#........######## ##.##....#
#.##....# ###### #.##....# ###
.....# #......$# #.. .###>#
########y# #.. .# #.# #:....$@y#
######.. .# #.#
#.###############...##.. .# #.#
#.# ###............... ## #.# #.#
#......####..)##..
####.#####.#####...........[).#..
.....#........##..............#..
...###....>...##..............###
.....'.)......##..............##
...###........##...............#


You could see 2 killer bees.

Vanquished Creatures
  An ice beast (D:5)
  An ogre (D:5)
  2 phantoms
  2 scorpions
  4 killer bees
  A howler monkey (D:5)
  2 orc priests (D:5)
  4 hounds
  Crazy Yiuf (D:3)
  Jessica (D:3)
  3 iguanas
  2 orc wizards (D:5)
  Terence (D:2)
  3 gnolls (D:3)
  5 adders
  An ufetubus (D:5)
  2 worms
  2 dart slugs (D:1)
  21 orcs
  4 endoplasms
  4 giant cockroaches
  6 goblins
  7 hobgoblins
  7 jackals (D:5)
  7 kobolds
  3 quokkas
  8 ball pythons
  6 bats
  5 frilled lizards
  4 rats
120 creatures vanquished.

Vanquished Creatures (others)
  A fulminant prism (D:5)
1 creature vanquished.

Grand Total: 121 creatures vanquished

Notes
Turn   | Place    | Note
-------+----------+-------------------------------------------
     0 | D:1      | Psyclone the Deep Elf Conjurer began the quest for the Orb.
     0 | D:1      | Reached XP level 1. HP: 10/10 MP: 6/6
   233 | D:1      | Reached XP level 2. HP: 8/15 MP: 4/8
   281 | D:1      | Reached skill level 5 in Conjurations
  1208 | D:2      | Noticed Terence
  1218 | D:2      | Killed Terence
  1219 | D:2      | Reached XP level 3. HP: 8/19 MP: 3/9
  1304 | D:2      | Learned a level 2 spell: Searing Ray
  1339 | D:2      | Reached skill level 6 in Conjurations
  1614 | D:2      | Reached XP level 4. HP: 24/24 MP: 4/10
  2737 | D:3      | Reached skill level 7 in Conjurations
  2737 | D:3      | Reached XP level 5. HP: 28/28 MP: 6/11
  2965 | D:3      | Found a runed translucent door.
  2966 | D:3      | Noticed Crazy Yiuf
  2985 | D:3      | Killed Crazy Yiuf
  3107 | D:3      | Noticed Jessica
  3109 | D:3      | Killed Jessica
  3227 | D:3      | Reached skill level 8 in Conjurations
  3227 | D:3      | Reached XP level 6. HP: 21/32 MP: 3/12
  3656 | D:3      | Found a glowing golden altar of the Shining One.
  3675 | D:3      | Found a burning altar of Makhleb.
  4000 | D:4      | Found a large runed translucent door.
  4001 | D:4      | Found a large runed translucent door.
  4009 | D:4      | Found a shimmering altar of Xom.
  4023 | D:4      | Found an opulent altar of Gozag.
  4033 | D:4      | Became a worshipper of Gozag Ym Sagoz the Greedy
  4104 | D:4      | Learned a level 2 spell: Blink
  4634 | D:5      | Entered Level 5 of the Dungeon
  4696 | D:5      | Reached skill level 9 in Conjurations
  4697 | D:5      | Noticed an ice beast
  4764 | D:5      | Killed an ice beast
  4765 | D:5      | Reached XP level 7. HP: 36/36 MP: 6/13
  4771 | D:5      | Learned a level 4 spell: Fulminant Prism
  5114 | D:5      | Reached skill level 10 in Conjurations
  5394 | D:5      | Found a radiant altar of Vehumet.
  5401 | D:5      | Reached skill level 5 in Spellcasting
  5650 | D:5      | Found Liolimaono's Distillery.
  6056 | D:6      | Reached XP level 8. HP: 33/41 MP: 10/20
  6244 | D:5      | Slain by a killer bee

Illustrated notes

Levels and vault maps discovered:
D:1:      roderic_octagonal_star, layout_loops_corners
D:2:      layout_loops_corners, serial_bayou_pond_d, minmay_bisected,
          uniq_terence
D:3:      layout_basic, bloody_makhleb, general_overflow_altar, fountainhead,
          kennysheep_generic_room_10, uniq_crazy_yiuf_cottage, uniq_jessica
D:4:      layout_loops_ring, jmf_multi_god_temple2, kennysheep_generic_room_14
D:5:      layout_basic, nicolae_vehumet_altar_sigil, serial_shops,
          nicolae_shop_advertising_works [nicolae_subvault_shop_adworks]
D:6:      layout_cave_pools

Skill      XL: |  1  2  3  4  5  6  7  8 |
---------------+-------------------------+-----
Conjurations   | 5 6 7 8 9 10 | 10.0
Spellcasting   | 6 8 |  8.0
Dodging        | |  2.4
Stealth        | |  2.4

Action                     |  1- 3 |  4- 6 |  7- 9 || total
---------------------------+-------+-------+-------++-------
  Melee: Dagger            |       |     8 |     2 ||    10
         Unarmed           |       |     1 |       ||     1
   Cast: Magic Dart        |    56 |    91 |    36 ||   183
         Searing Ray       |       |    14 |    19 ||    33
         Fulminant Prism   |       |       |     1 ||     1
    Use: Potion            |       |       |     1 ||     1
   Stab: Sleeping          |       |     3 |       ||     3
 Armour: Robe              |     2 |     8 |     6 ||    16
  Dodge: Dodged            |     3 |    19 |    38 ||    60
  Block: Other             |       |     6 |    16 ||    22
